 Dungeon Crawl Stone Soup version 0.28-a0-533-g9f97627e2a (webtiles) character file.

Game seed: 10380519137423873954

36 willcat the Sneak (level 3, -5/26 HPs)
             Began as an Octopode Delver on Sept 26, 2021.
             Slain by an iguana (6 damage)
             ... on level 5 of the Dungeon.
             The game lasted 00:00:24 (60 turns).

willcat the Sneak (Octopode Delver)                   Turns: 60, Time: 00:00:24

Health: -5/26      AC:  1    Str: 11    XL:     3   Next: 37%
Magic:  3/3        EV: 13    Int: 13    God:
Gold:   0          SH:  0    Dex: 13    Spells: 2/2 levels left

rFire   . . .      SeeInvis .   i - +0 rapier
rCold   . . .      Faith    .   (no shield)
rNeg    . . .      Spirit   .   (helmet restricted)
rPois   .          Reflect  .   (no amulet)
rElec   .          Harm     .   (no ring)
rCorr   .          Rampage  .   (no ring)
Will    .....                   (no ring)
Stlth   ++++......              (no ring)
HPRegen 0.08/turn               (no ring)
MPRegen 0.08/turn               (no ring)
                                (no ring)
                                (no ring)

@: no status effects
A: almost no armour, amphibious, 8 rings, camouflage 1, gelatinous body 1,
(nimble swimmer 1), tentacles
a: no special abilities


You were on level 5 of the Dungeon.
You visited 1 branch of the dungeon, and saw 1 of its levels.

Inventory:

Hand Weapons
 i - a +0 rapier (weapon)
Wands
 f - a wand of digging (3)
 g - a wand of flame (15)
Scrolls
 b - a scroll of fog
 c - a scroll of magic mapping
 d - a scroll of fear
 h - a scroll of identify {unknown}
Potions
 e - a potion of haste


   Skills:
 - Level 3.0 Fighting
 + Level 2.6 Short Blades
 + Level 2.6 Dodging
 + Level 7.1 Stealth
 + Level 0.2 Evocations


You had 2 spell levels left.
You didn't know any spells.
Your spell library was empty.

Dungeon Overview and Level Annotations

Branches:
Dungeon (5/15)
 Temple: D:4-7

Altars:

Shops:
D:5 !


Innate Abilities, Weirdness & Mutations

You cannot wear most types of armour.
You are amphibious.
You can wear up to eight rings at the same time.
Your skin changes colour to match your surroundings (Stealth+).
Your rubbery body absorbs attacks. (AC +1, EV +1)
((You are camouflaged near water. (Stealth+)))
You have tentacles for arms and can constrict up to eight enemies at once.


Message History

You see here a +0 rapier.
i - a +0 rapier The orc hits you with a +0 hand axe.
The orc hits you with a +0 hand axe.
You hit the orc. You grab the orc.
The orc is lightly wounded.
You constrict the orc. The orc hits you but does no damage.
You hit the orc.
You kill the orc!
You see here a +0 hand axe.
i - a +0 rapier (weapon)
Drop what? 9/52 slots (_ for help) (? for menu, Esc to quit)
You drop a +0 short sword.
The helpless orc fails to defend itself.
You impale the orc!!
You kill the orc!
The orc shouts!
You hear an angry hiss.
The orc hits you with a +0 whip.
You hit the orc but do no damage. You grab the orc. You constrict the orc.
The orc misses you.
You hit the orc but do no damage. You squeeze the orc, but do no damage.
The orc is lightly wounded.
You constrict the orc, but do no damage.
The orc closely misses you.
You hit the orc.
The orc is almost dead.
You constrict the orc.
You kill the orc!
An iguana comes into view.
Things that are here:
a +0 dagger; a +0 chain mail; an orc corpse The iguana bites you.
You hit the iguana but do no damage. Your grab misses the iguana.
The iguana bites you!
Ouch! That really hurt!
* * * LOW HITPOINT WARNING * * *
You are too injured to fight recklessly!
You hit the iguana but do no damage. Your grab misses the iguana.
The iguana bites you.
You die...

#.###.....
.......##..#^..#..
#.......##.....##.
###........#........
#.#....(...........∩
#...................
........####.......
#l......#.#.......
######@.###...........#
#....))..#...........##
#....................#.
#......................
###.....)......).[.####
#...............##
..................#
##...................#
#.....................


You could see an iguana.

Vanquished Creatures
  A jelly (D:5)
  4 orcs (D:5)
5 creatures vanquished.

Notes
Turn   | Place    | Note
-------+----------+-------------------------------------------
     0 | D:5      | willcat the Octopode Delver began the quest for the Orb.
     0 | D:5      | Reached XP level 1. HP: 16/16 MP: 1/1
     5 | D:5      | Noticed a jelly
    16 | D:5      | Killed a jelly
    17 | D:5      | Reached skill level 7 in Stealth
    17 | D:5      | Reached XP level 2. HP: 21/21 MP: 2/2
    17 | D:5      | Reached XP level 3. HP: 26/26 MP: 3/3
    59 | D:5      | HP: 1/26 [iguana (13)]
    60 | D:5      | Slain by an iguana

Illustrated notes

Levels and vault maps discovered:
D:5:      layout_cave_pools, lemuel_tele_altar, led_sif_book, serial_shops,
          shop, uniq_eustachio

Skill      XL: |  1 |
---------------+----+-----
Stealth        | 7 |  7.1
Fighting       | |  3.0
Short Blades   | |  2.6
Dodging        | |  2.6
Evocations     | |  0.2

Action                   || total
-------------------------++-------
Melee: Rapier            ||     6
       Short sword       ||     3
       Constrict         ||     2
       Tentacles         ||     1
Evoke: Wand              ||     2
 Stab: Sleeping          ||     2
Armor: Skin              ||     2
Dodge: Dodged            ||     3

Table legend: (Time is in decaauts)
 A = Elapsed time spent in this place.
 B = Non-inter-level travel time spent in this place.
 C = Inter-level travel time spent in this place.
 D = Time resting spent in this place.
 E = Time spent auto-exploring this place.
 F = Levels seen in this place.
 G = Mean time per level.
                   A        B        C        D        E       F      G
               +--------+--------+--------+--------+--------+-----+--------+
         Total |     59 |     59 |      0 |      0 |      4 |   1 |   59.0 |
       Dungeon |     59 |     59 |      0 |      0 |      4 |   1 |   59.0 |
               +--------+--------+--------+--------+--------+-----+--------+

Top non-repeatable levels by time:
     D:5: 59 daAuts
